 Dungeon Crawl Stone Soup version 0.13-a0-2202-g857913d (webtiles) character file.

107 Kae the Firebug (level 3, -1/19 HPs)
             Began as a Tengu Fire Elementalist on July 2, 2013.
             Slain by a goblin
             ... wielding a +2,+0 elven dagger
              (2 damage)
             ... on Level 2 of the Dungeon.
             The game lasted 00:01:30 (1297 turns).

Kae the Firebug (Tengu Fire Elementalist)           Turns: 1297, Time: 00:01:31

HP  -1/19        AC  2     Str 13      XL: 3   Next: 91%
MP   0/7         EV 12     Int 16      God:
Gold 53          SH  0     Dex 14      Spells:  2 memorised,  2 levels left

Res.Fire  : . . .   See Invis. : .   (no weapon)
Res.Cold  : . . .   Warding    : .   a - +0 robe
Life Prot.: . . .   Conserve   : .   (no shield)
Res.Poison: .       Res.Corr.  : .   (helmet restricted)
Res.Elec. : .       Clarity    : .   (no cloak)
Sust.Abil.: . .     Spirit.Shd : .   (no gloves)
Res.Mut.  : .       Stasis     : .   (boots unavailable)
Res.Rott. : .       Flight     : .   (no amulet)
Saprovore : . . .                    (no ring)
                                     (no ring)

@: mighty, not resistant to hostile enchantments, fairly stealthy
A: beak, talons 3
a: no special abilities


You were on level 2 of the Dungeon.
You were hungry.

You visited 1 branch of the dungeon, and saw 2 of its levels.

You collected 33 gold pieces.

Inventory:

Armour
 a - a +0 robe (worn)
Comestibles
 c - 2 bread rations
 h - 2 rotting chunks of hobgoblin flesh
Scrolls
 d - 2 scrolls of enchant armour {unknown}
 e - a scroll of identify {unknown}
 g - a scroll of remove curse {unknown}
Books
 b - a book of Flames

   Spells                             Type                      Level
   *Flame Tongue                      Conjuration/Fire             1
   *Throw Flame                       Conjuration/Fire             2
   Conjure Flame                      Conjuration/Fire             3
   Inner Flame                        Hexes/Fire                   3
   Sticky Flame                       Conjuration/Fire             4
   Fireball                           Conjuration/Fire             5


   Skills:
 - Level 2.1 Dodging
 - Level 2.0 Stealth
 + Level 1.6 Spellcasting
 * Level 3.2 Conjurations
 * Level 4.0 Fire Magic


You had 2 spell levels left.
You knew the following spells:

 Your Spells              Type           Power        Failure   Level  Hunger
a - Flame Tongue          Conj/Fire      ##...        6%          1    ##.....
b - Throw Flame           Conj/Fire      ##....       10%         2    ###....


Dungeon Overview and Level Annotations

Branches:
Dungeon (2/27)

Altars:


Innate Abilities, Weirdness & Mutations

You have a beak for a mouth.
You have claws for feet.


Message History

* * * LOW HITPOINT WARNING * * *
The ball python constricts you. The goblin hits you but does no damage.
Drink which item? (? for menu, Esc to quit)
You feel very mighty all of a sudden.
It was a potion of might.
The ball python bites you.
* * * LOW HITPOINT WARNING * * *
The ball python constricts you. The goblin completely misses you.
Casting: Flame Tongue
Confirm with . or Enter, or press ? or * to list all spells.
You don't have enough magic to cast that spell.
Casting: Flame Tongue
Confirm with . or Enter, or press ? or * to list all spells.
You don't have enough magic to cast that spell.
You punch the ball python!
You kill the ball python!
* * * LOW HITPOINT WARNING * * *
You feel sick.
You feel better.
The goblin hits you with an elven dagger.
You die...

######.#####.#
#..........##.##########
#..........##..........#
#..........##..........#
..........##..........##
...............%....(..#
....##.##.##...........#
... #. #.##.<.........#
. #. #.##@#..######. #S
#.##g#..#### .
#.#........#
.S..........#
#.#........#
#.#........# #
####..#### #..# #..#


You could see a goblin.

Vanquished Creatures
  2 adders (D:2)
  2 giant mites (D:1)
  2 oozes (D:1)
  A giant cockroach (D:2)
  2 hobgoblins (D:1)
  A ball python (D:2)
  2 bats
  5 goblins
  2 kobolds (D:1)
  2 rats (D:1)
21 creatures vanquished.

Vanquished Creatures (others)
  A goblin (D:1)
1 creature vanquished.

Grand Total: 22 creatures vanquished

Notes
Turn   | Place    | Note
--------------------------------------------------------------
     0 | D:1      | Kae, the Tengu Fire Elementalist, began the quest for the Orb.
     0 | D:1      | Reached XP level 1. HP: 10/10 MP: 3/3
   265 | D:1      | Reached XP level 2. HP: 4/15 MP: 1/5
   422 | D:1      | Learned a level 2 spell: Throw Flame
   760 | D:1      | Reached XP level 3. HP: 7/19 MP: 1/7
  1294 | D:2      | Reached skill level 4 in Fire Magic
  1297 | D:2      | Slain by a goblin

Action                   || total
-------------------------++-------
Melee: Unarmed           ||    35
 Cast: Flame Tongue      ||    36
  Use: Potion            ||     3
